cohdb
Replays
Latest Replays
All Replays
Popular Replays
Top Player Replays
Match Explorer
How It Works
Community
CoH3 Stats
Reddit
Sign in to upload your games and track your stats! →
Sign in with Steam
Match 44757350
Unlisted
Match 44757350
Overview
Messages
Build Orders
End
Vickers Machine Gun Team
Construct Section Command Post
Dingo Light Scout Car
Infantry Section
Infantry Section
Infantry Section
Construct Platoon Command Post
Construct Company Command Post
Foot Guards Section
Crusader II Medium Tank
Crusader II Medium Tank
Selects Heavy Armor Battlegroup
Selects Light Vehicle Withdraw and Refit
Selects Radio Net
Selects Recon Artillery
Selects Rigorous Vehicle Training
Selects Forward Repair Assembly
Crusader II Medium Tank
Crusader II Medium Tank
Recon Artillery
Armored Vehicle Training
Radio Net
506767261
nhk6107
孤冰月
陈浩南
HI
袅炸天
JT
只出曲线
0
0
Comments
sign in to comment!
No comments posted yet!